 Dungeon Crawl Stone Soup version 0.22.0-1-g6561e4c (webtiles) character file.

529839 iamserjio the Warrior (level 23, -6/188 HPs)
             Began as a Demigod Summoner on Aug 12, 2018.
             Killed from afar by an ancient lich (58 damage)
             ... with a poison arrow
             ... on level 5 of the Realm of Zot.
             The game lasted 05:31:55 (98045 turns).

iamserjio the Warrior (Demigod Summoner)           Turns: 98045, Time: 05:31:55

Health: -6/188     AC: 31    Str: 30    XL:     23   Next: 27%
Magic:  33/47      EV: 21    Int: 31    God:
Gold:   3280       SH: 25    Dex: 18    Spells: 2/44 levels left

rFire    + + +     SeeInvis +   D - +9 eveningstar (freeze)
rCold    + + +     Gourm    .   P - +4 shield
rNeg     + . .     Faith    .   i - +3 ice dragon scales of the Game of Life {*Drain rF- rC++ rCorr Str+2 Dex+2}
rPois    .         Spirit   .   A - +0 Maxwell's etheric cage {RegenMP+ *Contam rElec MP+4}
rElec    +         Reflect  +   l - scarf {rC+ rF+}
rCorr    +         Harm     .   G - +0 pair of gloves "Dius Xukk" {*Drain Str+6}
MR       +++..                  h - +2 pair of boots {run}
Stlth    +.........             y - +5 amulet of reflection
HPRegen  0.00/turn              H - +6 ring of protection MPRegen 0.80/turn*
                                T - ring "Yralirhe" {*Slow rF+++ rN+ MR+ SInv}

@: mighty, lethally poisoned (-6 -> -44), regenerating, hasted, very quick
A: blurry vision 1, clever 2, frail 1, high mp 1, inhibited regeneration,
subdued magic 1
}: 3/15 runes: decaying, serpentine, silver
a: no special abilities


You were on level 5 of the Realm of Zot.
You were not hungry.

You visited 9 branches of the dungeon, and saw 49 of its levels.
You also visited: Ice Cave, Volcano, Wizlab and Desolation.

You collected 8045 gold pieces.
You spent 4765 gold pieces at shops.

Inventory:

Hand Weapons
 D - a +9 eveningstar of freezing (weapon)
 I - a +9 broad axe of freezing
 O - a +2 trishula of holy wrath
Armour
 h - a +2 pair of boots of running (worn)
 i - the +3 ice dragon scales of the Game of Life (worn) {*Drain rF- rC++ rCorr Str+2 Dex+2}
   (You bought it in a shop on level 2 of the Orcish Mines)

   It affects your strength (+2).
   It affects your dexterity (+2).
   It makes you vulnerable to fire.
   It greatly protects you from cold.
   It provides partial protection from all sources of acid and corrosion.
   It causes draining when unequipped.
 l - a scarf of resistance (worn)
 o - a +2 cloak of magic resistance
 z - a +2 cloak of poison resistance
 A - the +0 Maxwell's etheric cage (worn) {RegenMP+ *Contam rElec MP+4}
   (You found it in an ice cave)

   It insulates you from electricity.
   It affects your magic capacity (+4).
   It causes magical contamination when unequipped.
 G - the +0 pair of gloves "Dius Xukk" (worn) {*Drain Str+6}
   (You bought it in a shop on level 2 of the Snake Pit)

   It affects your strength (+6).
   It causes draining when unequipped.
 P - a +4 shield (worn)
 S - the +5 robe of Night {Dark MR+ SInv}
   (You found it in the Desolation of Salt)

   It affects your resistance to hostile enchantments.
   It lets you see invisible.
Jewellery
 k - the ring "Bowaysk" {Wiz +Blink rN++ Str-5 Int+2}
   (You took it off a tengu reaver on level 5 of the Vaults)

   [ring of wizardry]

   It improves your spell success rate.
   It affects your strength (-5).
   It affects your intelligence (+2).
   It greatly protects you from negative energy.
   It lets you blink.
 y - a +5 amulet of reflection (around neck)
 B - the ring "Cuaps" {rF+ rN+ Int+4 Slay+2}
   (You took it off an ironheart preserver on level 3 of the Vaults)

   [ring of protection from fire]

   It affects your intelligence (+4).
   It affects your accuracy and damage with ranged weapons and melee attacks
   (+2).
   It protects you from fire.
   It protects you from negative energy.
 H - a +6 ring of protection (left hand)
 J - the ring of Vampiric Thralls {rCorr rPois Dex+3 Stlth+}
   (You took it off a yaktaur on level 5 of the Vaults)

   [ring of resist corrosion]

   It affects your dexterity (+3).
   It protects you from poison.
   It makes you more stealthy.
 K - the amulet of Ewaic {Spirit rF+ MR+ Int+2}
   (You took it off a deep elf annihilator on level 5 of the Vaults)

   [amulet of guardian spirit]

   It causes incoming damage to be split between your health and magic.
   It affects your intelligence (+2).
   It protects you from fire.
   It affects your resistance to hostile enchantments.
 T - the ring "Yralirhe" (right hand) {*Slow rF+++ rN+ MR+ SInv}
   (You took it off a deep elf mage on level 3 of the Elven Halls)

   [ring of protection from magic]

   It renders you almost immune to fire.
   It protects you from negative energy.
   It affects your resistance to hostile enchantments.
   It lets you see invisible.
   It may slow you when you take damage.
 V - an uncursed ring of see invisible
Wands
 f - a wand of acid (23)
 m - a wand of iceblast (17)
 t - a wand of digging (28)
 E - a wand of clouds (4)
Scrolls
 d - a scroll of magic mapping
 g - 8 scrolls of teleportation
 n - 8 scrolls of immolation
 p - a scroll of silence
 x - 2 scrolls of blinking
 F - 17 scrolls of remove curse {@r2}
 L - 9 scrolls of fear
 U - 8 scrolls of fog
 X - 2 scrolls of holy word
Potions
 e - 6 potions of curing {@q1}
 j - 2 potions of resistance
 q - 2 potions of might
 r - 6 potions of brilliance
 u - 3 potions of invisibility
 v - 3 potions of haste
 w - 3 potions of agility
 C - a potion of cancellation
 M - 4 potions of magic
 N - 6 potions of ambrosia
 Q - 2 potions of berserk rage
 R - 4 potions of mutation
 W - 2 potions of heal wounds
Miscellaneous
 a - 4 phantom mirrors
 b - a fan of gales
 s - a phial of floods
 Z - a lightning rod (4/4)
Comestibles
 c - 32 rations


   Skills:
 * Level 17.9 Fighting
 - Level 6.5(13.1) Axes
 - Level 15.5(16.0) Maces & Flails
 - Level 8.7(9.6) Polearms
 - Level 15.1 Armour
 - Level 14.0 Dodging
 * Level 3.9 Stealth
 - Level 16.0 Shields
 - Level 11.0 Spellcasting
 - Level 2.0 Charms
 - Level 13.0 Summonings
 - Level 5.0 Necromancy
 - Level 2.0 Translocations
   Level 3.0 Ice Magic
 - Level 4.0 Air Magic
 - Level 1.0 Earth Magic
 - Level 6.0 Evocations


You had 2 spell levels left.
You knew the following spells:

 Your Spells              Type           Power        Failure   Level  Hunger
a - Animate Dead          Necr           N/A          5%          4    None
b - Borgnjor's Vile Clut  Necr/Erth      ####......   36%         5    ##.....
c - Aura of Abjuration    Summ           ######....   1%          5    ##.....
d - Summon Lightning Spi  Summ/Air       ######..     1%          4    None
e - Blink                 Tloc           N/A          2%          2    None
f - Animate Skeleton      Necr           N/A          1%          1    None
g - Regeneration          Chrm/Necr      ####......   2%          3    None
h - Passwall              Tmut/Erth      ###.....     5%          2    None
i - Song of Slaying       Chrm           ###.....     2%          2    None
j - Shadow Creatures      Summ           N/A          3%          6    #####..
k - Summon Mana Viper     Hex/Summ       #####...     9%          5    ##.....
l - Lesser Beckoning      Tloc           ###.......   5%          3    None

Your spell library contained the following spells:

 Spells                   Type           Power        Failure   Level  Hunger
 Cause Fear               Hex            ##........   43%         4    None
 Magic Dart               Conj           ##..         4%          1    None
 Fireball                 Conj/Fire      ##........   80%         5    ##.....
 Apportation              Tloc           ###...       1%          1    None
 Conjure Flame            Conj/Fire      ##......     13%         3    None
 Bolt of Cold             Conj/Ice       ###.......   99%         6    #####..
 Lightning Bolt           Conj/Air       ###.......   50%         5    ##.....
 Bolt of Magma            Conj/Fire/Erth ##........   75%         5    ##.....
 Slow                     Hex            ##......     7%          2    None
 Invisibility             Hex            ##......     100%        6    #####..
 Throw Flame              Conj/Fire      ##....       7%          2    None
 Throw Frost              Conj/Ice       ###...       3%          2    None
 Freezing Cloud           Conj/Ice/Air   ###.......   96%         6    #####..
 Mephitic Cloud           Conj/Pois/Air  ###.....     8%          3    None
 Ring of Flames           Chrm/Fire      ###.......   100%        7    ######.
 Venom Bolt               Conj/Pois      ##........   80%         5    ##.....
 Death's Door             Chrm/Necr      ####......   100%        8    #######
 Summon Small Mammal      Summ           ####         0%          1    None
 Bolt of Draining         Conj/Necr      ####......   43%         5    ##.....
 Iskenderun's Mystic Bla  Conj           ##......     43%         4    None
 Summon Horrible Things   Summ           ######....   83%         8    #######
 Pain                     Necr           ####         1%          1    None
 Vampiric Draining        Necr           #####.....   1%          3    None
 Haunt                    Necr/Summ      ######....   71%         7    ######.
 Borgnjor's Revivificati  Necr           #####.....   100%        8    #######
 Freeze                   Ice            ####         1%          1    None
 Ozocubu's Refrigeration  Ice            ####......   92%         6    #####..
 Sticky Flame             Conj/Fire      ##......     43%         4    None
 Summon Ice Beast         Ice/Summ       ######..     1%          4    None
 Ozocubu's Armour         Chrm/Ice       ####....     4%          3    None
 Call Imp                 Summ           ######..     1%          2    None
 Dispel Undead            Necr           #####...     16%         5    ##.....
 Sublimation of Blood     Necr           #####.....   1%          2    None
 Tukima's Dance           Hex            ##......     13%         3    None
 Summon Demon             Summ           ######....   1%          5    ##.....
 Summon Greater Demon     Summ           ######....   19%         7    ######.
 Corpse Rot               Necr           N/A          1%          2    None
 Iron Shot                Conj/Erth      ###.......   99%         6    #####..
 Stone Arrow              Conj/Erth      ###...       11%         3    None
 Shock                    Conj/Air       ###.         1%          1    None
 Swiftness                Chrm/Air       ####....     1%          2    None
 Recall                   Summ/Tloc      N/A          1%          3    None
 Agony                    Necr           #####...     16%         5    ##.....
 Spider Form              Tmut/Pois      ##........   13%         3    None
 Ice Form                 Ice/Tmut       ###.....     24%         4    None
 Necromutation            Tmut/Necr      ####......   100%        8    #######
 Death Channel            Necr           #####.....   67%         6    #####..
 Deflect Missiles         Chrm/Air       ####......   92%         6    #####..
 Throw Icicle             Conj/Ice       ###.....     24%         4    None
 Airstrike                Air            ####......   9%          4    None
 Flame Tongue             Conj/Fire      ##...        4%          1    None
 Ignite Poison            Fire/Tmut/Pois ##......     13%         3    None
 Sticks to Snakes         Tmut           ##......     7%          2    None
 Call Canine Familiar     Summ           ######..     1%          3    None
 Ensorcelled Hibernation  Hex/Ice        ###...       3%          2    None
 Metabolic Englaciation   Hex/Ice        ###.......   58%         5    ##.....
 Summon Butterflies       Summ           ######..     0%          1    None
 Silence                  Hex/Air        ###.......   50%         5    ##.....
 Shatter                  Erth           ###.......   100%        9    #######
 Static Discharge         Conj/Air       ###.....     5%          3    None
 Corona                   Hex            ##.....      4%          1    None
 Alistair's Intoxication  Tmut/Pois      ##......     80%         5    ##.....
 Lee's Rapid Deconstruct  Erth           ###.......   65%         5    ##.....
 Sandblast                Erth           ###...       2%          1    None
 Simulacrum               Ice/Necr       ####......   82%         6    #####..
 Excruciating Wounds      Chrm/Necr      ####......   30%         5    ##.....
 Portal Projectile        Hex/Tloc       ###...       9%          3    None
 Monstrous Menagerie      Summ           ######....   19%         7    ######.
 Petrify                  Tmut/Erth      ###.....     36%         4    None
 Orb of Destruction       Conj           ##........   100%        7    ######.
 Malign Gateway           Summ/Tloc      #####.....   89%         7    ######.
 Tornado                  Air            ####......   100%        9    #######
 Leda's Liquefaction      Hex/Erth       ###.......   36%         4    None
 Darkness                 Hex            ##........   100%        6    #####..
 Shroud of Golubria       Chrm/Tloc      ###.......   2%          2    None
 Inner Flame              Hex/Fire       ##......     13%         3    None
 Beastly Appendage        Tmut           ##....       4%          1    None
 Iskenderun's Battlesphe  Conj/Chrm      ###.....     65%         5    ##.....
 Fulminant Prism          Conj/Hex       ##........   43%         4    None
 Dazzling Spray           Conj/Hex       ##....       13%         3    None
 Force Lance              Conj/Tloc      ###.....     30%         4    None
 Infusion                 Chrm           ###.         1%          1    None
 Spectral Weapon          Hex/Chrm       ###.....     9%          3    None
 Searing Ray              Conj           ##....       7%          2    None
 Discord                  Hex            ##........   100%        8    #######
 Summon Forest            Summ/Tloc      #####.....   5%          5    ##.....
 Summon Guardian Golem    Hex/Summ       #####...     1%          3    None
 Spellforged Servitor     Conj/Summ      #####.....   96%         7    ######.
 Hydra Form               Tmut           ##........   100%        6    #####..
 Irradiate                Conj/Tmut      ##........   80%         5    ##.....
 Gell's Gravitas          Tloc           ###.......   5%          3    None
 Yara's Violent Unravell  Hex/Tmut       ##........   80%         5    ##.....
 Infestation              Necr           #####.....   100%        8    #######
 Poisonous Vapours        Pois/Air       ###...       2%          2    None
 Ignition                 Fire           ##........   100%        8    #######


Dungeon Overview and Level Annotations

Branches:
Dungeon (15/15)            Temple (0/1) D:4            Lair (6/6) D:8
  Swamp (4/4) Lair:4        Snake (4/4) Lair:2        Slime (0/5) Lair:5
    Orc (2/2) D:11            Elf (3/3) Orc:2        Vaults (5/5) D:14
  Crypt (0/3) Vaults:3     Depths (5/5) D:15            Zot (5/5) Depths:5

Shops:
D:13 *   Orc:1 %   Orc:2 (}?[   Snake:2 [   Vaults:1 *   Vaults:2 (
Vaults:3 ?[!   Vaults:5 :   Depths:5 ::[([

Portals:
Hell: Depths:1 Depths:2 Depths:3 Depths:4 Depths:5
Abyss: Depths:1 Depths:3 Depths:4
Pandemonium: Depths:1 Depths:3
Ziggurat: Depths:2

Annotations:
D:5 1 runed door
D:8 Nib's ghost, novice DsNe
D:15 exclusion: oklob plant
Elf:2 5 runed doors
Vaults:3 1 exclusion
Zot:5 1 exclusion


Innate Abilities, Weirdness & Mutations

You have an increased reservoir of magic. (+10% MP)
Scrolls take you a little longer to read.
Your mind is very acute. (Int +4)
You are frail. (-10% HP)
You do not regenerate when monsters are visible.
Your spells are a little easier to cast, but a little less powerful.


Message History

The purple draconian hits your moth of wrath with a short sword!
Your moth of wrath barely misses the purple draconian.
You feel yourself speed up.
The ancient lich gestures at you while chanting.
The poison arrow hits you!
You are poisoned.
* * * LOW HITPOINT WARNING * * *
Your moth of wrath bites the orb of fire!
You hear a distant "Zot"!
You feel sick.
The ancient lich points at you and mumbles some strange words.
The poison arrow hits you!
You are more poisoned.
* * * LOW HITPOINT WARNING * * *
Your moth of wrath misses the orb of fire.
You feel better.
The ancient lich gestures at you while chanting.
The poison arrow hits you!
You are poisoned.
You die...

#.#.#............#.#..#####.####.
#########▓▓▓▓########.#######* ▓▓
,,,,,,,,** #...............*
,,,,,,,,,** ##.............#* *
,,,,,,,,,,** #............$# **
...........# ##...........## *,
...........# #.).........# *,
...........# ##...........#* *,
...........# #.@...........* *,
...........# ##.............** *,
.......p...###.............,,***,
......^*Z.###L..##########*,,,***
.......q.##d*y.## **,,,,*
....q.§.....p### ***,,,
##▓▓▓▓▓#▓▓▓▓▓# **** ,,,,,,,,,****
*** ,,,,,,,,,,,,*** ***,,


You could see an orb of fire, a Killer Klown, an ancient lich, a purple
draconian and a friendly moth of wrath.

Vanquished Creatures
  Mennas (Vaults:3)
  An ancient lich (Zot:5)
  Boris (Vaults:2)
  A Killer Klown (Zot:5)
  The ghost of Icawoy the Warrior, an adept OgFE of Kikubaaqudgha (Depths:1)
  6 golden dragons
  7 tentacled monstrosities
  An electric golem (Zot:5)
  6 Orb Guardians (Zot:5)
  3 liches
  2 deep elf master archers (Elf:3)
  2 deep elf blademasters
  3 titans
  2 quicksilver dragons
  2 death cobs
  A sphinx (Vaults:2)
  3 shadow dragons
  9 storm dragons
  A storm dragon (shapeshifter) (Vaults:5)
  A thorn hunter (Swamp:4)
  8 tengu reavers
  3 nagarajas
  15 fire giants
  11 deep elf sorcerers
  An iron dragon (shapeshifter) (Depths:2)
  A ghost moth (Depths:2)
  4 iron dragons
  Louise (Swamp:3)
  2 balrugs
  A draconian shifter (Zot:5)
  An orc warlord (Orc:1)
  10 frost giants
  4 deep elf elementalists (Elf:3)
  9 vault wardens
  A juggernaut zombie (Depths:4)
  10 stone giants
  14 ironheart preservers
  19 very ugly things
  5 war gargoyles
  9 deep elf demonologists
  A vampire knight (Depths:4)
  An entropy weaver (Vaults:1)
  Nessos (Orc:2)
  A minotaur (D:12)
  A lorocyproca (Depths:2)
  A green draconian (Depths:5)
  A minotaur (shapeshifter) (Depths:2)
  A red draconian (Zot:2)
  16 deep elf annihilators
  2 spark wasps
  13 ettins
  8 deep elf death magi
  4 deep elf high priests
  A crystal guardian (Desolation)
  A ragged hierophant (Desolation)
  A fire dragon (shapeshifter) (Depths:2)
  A great orb of eyes (shapeshifter) (Depths:2)
  15 yaktaur captains
  A rakshasa (Depths:1)
  7 great orbs of eyes
  6 fire dragons
  29 vault guards
  4 servants of whispers (Desolation)
  The ghost of ThereIsNoGod the Nimble, a journeyman MfCK of Xom (D:12)
  A peacekeeper (Desolation)
  8 naga warriors
  2 juggernaut simulacra (Depths:2)
  6 ice dragons
  A ghost crab (Swamp:4)
  2 spriggan air magi (Depths:2)
  7 hydras
  2 hell beasts (WizLab)
  An alligator snapping turtle (Vaults:3)
  6 centaur warriors
  6 anacondas
  5 alligators
  31 two-headed ogres
  A deep troll shaman (Vaults:2)
  15 ogre magi
  A tengu warrior (Depths:5)
  11 naga sharpshooters
  3 shock serpents
  10 deep troll earth magi
  13 dancing weapons
  2 orc high priests
  2 spriggan berserkers
  2 sun demons
  2 salamander mystics
  2 iron trolls (Depths:5)
  14 deep elf knights
  A hell knight (Depths:5)
  2 shadow wraiths (Vaults:4)
  A fire crab (shapeshifter) (Vaults:5)
  7 skeletal warriors
  2 unseen horrors
  A death drake (shapeshifter) (Vaults:5)
  A sea snake (shapeshifter) (Depths:3)
  16 deep trolls
  A large abomination (Elf:3)
  3 naga ritualists
  2 swamp dragons (Swamp:4)
  A sea snake (Snake:1)
  A swamp dragon (shapeshifter) (Depths:2)
  The ghost of Anothat the Basher, a novice GrFi of Cheibriados (D:7)
  4 wizards
  19 deep elf archers
  A shambling mangrove (Swamp:1)
  A lindwurm (Lair:6)
  A tengu zombie (Vaults:5)
  4 harpies
  A lindwurm (shapeshifter) (Vaults:4)
  An iron dragon zombie (Vaults:5)
  9 ironbrand convokers
  An orb spider (shapeshifter) (Vaults:5)
  An oklob plant (Lair:4)
  5 mana vipers
  5 necromancers
  4 phantasmal warriors
  10 orc knights
  A mana viper (shapeshifter) (Depths:2)
  8 orc sorcerers
  The ghost of Esekla the Cutter, a novice FoEn of Vehumet (D:5)
  58 deep elf magi
  5 wolf spiders
  A manticore (D:15)
  A frost giant zombie (Vaults:5)
  4 moths of wrath (Zot:5)
  A faun (shapeshifter) (Depths:3)
  22 ugly things
  2 moths of wrath (shapeshifter)
  5 cyclopes
  3 centaur zombies
  2 guardian serpents
  7 salamanders
  7 naga magi
  19 black mambas
  2 elephants
  2 ice statues (IceCv)
  A rust devil (WizLab)
  A black mamba (shapeshifter) (Depths:3)
  An iron dragon skeleton (Depths:4)
  An eye of devastation (shapeshifter) (Depths:3)
  A torpor snail (shapeshifter) (Vaults:2)
  4 spiny frogs (shapeshifter)
  A gargoyle (D:14)
  12 vault sentinels
  7 spiny frogs
  A torpor snail (Lair:6)
  A human zombie (Vaults:2)
  A komodo dragon (D:15)
  2 freezing wraiths (Vaults:4)
  A yaktaur (shapeshifter) (Elf:1)
  A spark wasp simulacrum (Depths:4)
  2 hellwings
  28 yaktaurs
  A golden dragon simulacrum (Depths:4)
  2 ice devils
  A merfolk (shapeshifter) (Depths:1)
  A troll (D:14)
  A wind drake (shapeshifter) (Depths:3)
  A tengu simulacrum (Vaults:3)
  A blink frog (shapeshifter) (Depths:2)
  4 hornets
  27 slime creatures
  9 tyrant leeches
  A hippogriff (shapeshifter) (Depths:2)
  A hornet (shapeshifter) (Depths:4)
  17 saltlings (Desolation)
  4 blink frogs
  3 bog bodies
  A dream sheep (shapeshifter) (Vaults:4)
  A redback (Vaults:1)
  3 hippogriffs
  3 shadows
  2 spriggans
  A ynoxinul (WizLab)
  6 air elementals
  A wyvern (D:14)
  2 wraiths (D:8)
  2 spriggans (shapeshifter)
  2 fire elementals (Elf:2)
  A fire bat (Volcano)
  3 water elementals (Elf:2)
  A basilisk (Lair:6)
  A yak (shapeshifter) (Depths:3)
  3 fire bats (shapeshifter)
  14 yaks
  A basilisk (shapeshifter) (Vaults:2)
  3 humans (shapeshifter)
  A steam dragon (D:7)
  A human simulacrum (Vaults:2)
  3 vampire mosquitoes
  5 wargs
  A swamp worm (shapeshifter) (Depths:3)
  39 nagas
  2 acid dragons (Vaults:1)
  9 swamp worms
  A hell hound (Volcano)
  4 porcupines
  7 swamp drakes
  9 water moccasins
  4 sky beasts
  28 orc warriors
  2 ice beasts
  A phantom (D:9)
  An ettin simulacrum (Vaults:5)
  A black bear (D:13)
  An eye of draining (D:4)
  4 boggarts
  An eye of draining (shapeshifter) (Depths:5)
  22 ogres
  7 wolves
  5 centaurs
  6 crocodiles
  A big kobold (D:8)
  16 bullfrogs
  3 earth elementals
  Dowan (D:5)
  A scorpion (D:7)
  5 killer bees
  An electric eel (Snake:1)
  3 crimson imps
  2 draconian simulacra (IceCv)
  2 quasits
  A jelly (D:12)
  16 orc priests
  6 hounds
  An iron imp (Depths:3)
  18 orc wizards
  3 iguanas
  6 worker ants
  A centaur simulacrum (IceCv)
  A worker ant zombie (D:11)
  6 adders
  2 gnolls (D:9)
  4 shadow imps
  2 white imps
  2 adder skeletons
  A worm (D:5)
  2 dart slugs (D:1)
  6 leopard geckos
  50 orcs
  5 bats
  6 giant cockroaches
  A goblin (shapeshifter) (Vaults:5)
  12 goblins
  8 hobgoblins
  3 jackals (D:4)
  5 kobolds
  2 quokkas
  A ball python (D:3)
  5 frilled lizards
  A jackal skeleton (D:4)
  A leopard gecko zombie (D:5)
  5 rats
  3 crawling corpses (Elf:3)
  A pillar of salt (Elf:1)
  5 plants (Zot:3)
1298 creatures vanquished.

Vanquished Creatures (collateral kills)
  An orb of fire (Zot:5)
  Vashnia (Snake:2)
  Saint Roka (Snake:4)
  5 golden dragons
  Nikola (Swamp:4)
  A tentacled monstrosity (Depths:4)
  An Orb Guardian (Zot:5)
  A deep elf blademaster (Elf:3)
  2 sphinxes
  2 storm dragons
  A shadow dragon (Depths:5)
  A tengu reaver (D:13)
  5 nagarajas
  A fire giant (Vaults:4)
  A deep elf sorcerer (Elf:3)
  A ghost moth (Depths:2)
  3 vault wardens
  An imperial myrmidon (Desolation)
  2 frost giants
  A cacodemon (Depths:3)
  A draconian annihilator (Depths:5)
  8 stone giants
  3 ironheart preservers
  A war gargoyle (D:13)
  3 very ugly things
  A vampire knight (Depths:3)
  An entropy weaver (Vaults:4)
  A black sun (WizLab)
  5 deep elf annihilators
  2 white draconians (Depths:5)
  A red draconian (Depths:5)
  3 spark wasps (Depths:3)
  A dire elephant (Lair:6)
  2 deep elf death magi
  3 fire dragons
  2 ettins
  A crystal guardian (Depths:2)
  5 ragged hierophants (Desolation)
  2 yaktaur captains
  A deep elf high priest (Vaults:5)
  3 great orbs of eyes
  3 ice dragons
  2 peacekeepers (Desolation)
  10 naga warriors
  4 vault guards
  18 hydras
  2 servants of whispers (Desolation)
  A rakshasa (Vaults:2)
  3 spriggan air magi
  2 anacondas (Snake:4)
  An ogre mage (D:15)
  3 alligators
  3 dancing weapons (Elf:1)
  11 two-headed ogres
  3 deep troll shamans
  3 deep troll earth magi
  3 death yaks (Lair:6)
  2 tengu warriors (D:11)
  13 naga sharpshooters
  3 orc high priests (Orc:2)
  A shock serpent (shapeshifter) (Vaults:5)
  A sun demon (Depths:1)
  3 shock serpents
  A titan zombie (Vaults:2)
  6 deep elf knights
  Sonja (D:10)
  A soul eater (WizLab)
  A shadow wraith (Vaults:4)
  4 hell knights (Depths:5)
  5 skeletal warriors
  A salamander mystic (Snake:4)
  A sea snake (Snake:1)
  A spriggan druid (Swamp:2)
  An unseen horror (D:11)
  2 naga ritualists
  2 shambling mangroves
  3 flayed ghosts
  3 deep trolls
  An orange crystal statue (Depths:3)
  4 phantasmal warriors
  A lindwurm (shapeshifter) (Vaults:1)
  9 swamp dragons
  2 ironbrand convokers (Desolation)
  8 deep elf archers
  10 harpies
  4 necromancers
  4 mana vipers
  4 cyclopes
  6 orc knights
  A wolf spider (Vaults:5)
  2 manticores
  18 deep elf magi
  4 oklob plants
  4 elephants
  7 salamanders
  2 orc sorcerers
  10 ugly things
  An elephant (shapeshifter) (Depths:5)
  13 black mambas
  A rust devil (Depths:3)
  11 naga magi
  A gargoyle (D:11)
  A vault sentinel (Vaults:4)
  4 guardian serpents
  2 torpor snails
  9 spiny frogs
  A torpor snail (shapeshifter) (Depths:3)
  2 rime drakes (Lair:6)
  16 yaktaurs
  4 komodo dragons
  6 ice devils (IceCv)
  A hellwing (WizLab)
  A red devil (Depths:3)
  The ghost of George the Chopper, an amateur HOFi (D:4)
  A jumping spider (Vaults:4)
  3 trolls
  A polar bear (Lair:5)
  6 tyrant leeches
  2 tengu conjurers
  A meliai (shapeshifter) (Depths:3)
  A queen bee (D:9)
  20 slime creatures
  11 hornets
  A blink frog (shapeshifter) (Depths:3)
  19 saltlings (Desolation)
  4 blink frogs
  3 hippogriffs
  3 dream sheep (Lair:6)
  3 bog bodies
  An ettin zombie (Vaults:5)
  3 redbacks (Vaults:4)
  4 spriggans
  A shadow (D:11)
  4 wraiths
  19 yaks
  A basilisk (Lair:4)
  2 hungry ghosts
  7 vampire mosquitoes
  A chaos spawn (Depths:3)
  A deep troll zombie (Vaults:2)
  25 nagas
  4 swamp worms
  2 hell hounds (Volcano)
  2 wargs
  Duvessa (D:5)
  A naga (shapeshifter) (Vaults:2)
  2 acid dragons
  9 water moccasins
  The ghost of jazmu the Digger, an amateur GrEE (D:3)
  A porcupine (shapeshifter) (Depths:5)
  7 porcupines
  6 swamp drakes
  3 ice beasts
  32 orc warriors
  A phantom (D:6)
  A sky beast (D:15)
  An eye of draining (shapeshifter) (Depths:3)
  2 necrophages
  A black bear (D:9)
  A boggart (D:13)
  10 centaurs
  22 ogres
  17 wolves
  11 crocodiles
  7 bullfrogs
  2 gnoll sergeants (D:9)
  A wyvern zombie (D:11)
  A scorpion (D:6)
  15 killer bees
  4 crimson imps
  A quasit (D:12)
  A draconian simulacrum (IceCv)
  3 hounds
  26 orc priests
  A gnoll shaman (Orc:2)
  4 jellies
  A bullfrog skeleton (D:4)
  2 centaur skeletons
  3 iron imps (Depths:3)
  An iguana (D:12)
  12 orc wizards
  3 worker ants
  2 spriggan simulacra (IceCv)
  2 troll simulacra (IceCv)
  A hound zombie (D:8)
  A worker ant zombie (D:8)
  11 gnolls
  3 adders
  A naga simulacrum (IceCv)
  An ogre simulacrum (IceCv)
  2 shadow imps (Depths:3)
  11 white imps (D:14)
  An ooze (D:2)
  An adder zombie (D:5)
  2 dart slugs (D:1)
  2 leopard geckos
  64 orcs
  A bat (D:2)
  2 giant cockroaches
  4 goblins
  2 hobgoblins
  A jackal (D:4)
  5 kobolds
  A quokka (D:3)
  A rat (D:2)
  A bush (Lair:4)
  A plant (Lair:6)
885 creatures vanquished.

Vanquished Creatures (others)
  A draconian monk (Depths:5)
  2 two-headed ogres
  An ogre mage (Vaults:1)
  2 deep elf knights
  A deep elf mage (Vaults:3)
  A spiny frog (shapeshifter) (Depths:4)
  A yaktaur (Vaults:5)
  An orc warrior (Snake:4)
  A boggart (Vaults:2)
  A centaur (Volcano)
  4 orcs
  9 fungi
  9 pillars of salt (Elf:1)
  7 plants
  17 toadstools
58 creatures vanquished.

Grand Total: 2241 creatures vanquished

Notes
Turn   | Place    | Note
-------+----------+-------------------------------------------
     0 | D:1      | iamserjio the Demigod Summoner began the quest for the Orb.
     0 | D:1      | Reached XP level 1. HP: 14/14 MP: 5/5
   329 | D:1      | Reached XP level 2. HP: 5/20 MP: 5/7
  1152 | D:1      | Found a burning altar of Makhleb.
  1154 | D:1      | Found a shimmering altar of Xom.
  1154 | D:1      | Found a snail-covered altar of Cheibriados.
  1156 | D:1      | Found a deep blue altar of Sif Muna.
  1156 | D:1      | Found a sparkling altar of Nemelex Xobeh.
  1156 | D:1      | Found a shimmering altar of Xom.
  1254 | D:1      | HP: 1/20 [dart slug/slug dart (2)]
  1262 | D:1      | Reached XP level 3. HP: 2/26 MP: 5/8
  1729 | D:2      | Learned a level 3 spell: Call Canine Familiar
  2918 | D:2      | Found a shattered altar of Ashenzari.
  3802 | D:3      | Reached skill level 1 in Fighting
  3802 | D:3      | Reached XP level 4. HP: 35/35 MP: 10/10
  4011 | D:3      | Found a large runed door.
  4011 | D:3      | Found a large runed door.
  4019 | D:3      | Noticed jazmu's ghost (amateur GrEE)
  4447 | D:4      | Found a hazy altar of Hepliaklqana.
  4453 | D:4      | Reached skill level 5 in Summonings
  4671 | D:4      | Reached XP level 5. HP: 9/41 MP: 8/11
  5091 | D:4      | Found a staircase to the Ecumenical Temple.
  5479 | D:4      | Found a runed door.
  5480 | D:4      | Noticed George's ghost (amateur HOFi)
  6075 | D:4      | Found an ancient bone altar of Kikubaaqudgha.
  6093 | D:4      | Found a blossoming altar of Fedhas.
  6140 | D:4      | Reached skill level 2 in Fighting
  6443 | D:4      | Learned a level 4 spell: Summon Ice Beast
  6514 | D:4      | Found a bloodstained altar of Trog.
  6514 | D:4      | Noticed an eye of draining
  6554 | D:4      | Killed an eye of draining
  6742 | D:5      | Entered Level 5 of the Dungeon
  6752 | D:5      | Reached skill level 1 in Ice Magic
  6752 | D:5      | Reached XP level 6. HP: 50/50 MP: 3/13
  6839 | D:5      | Found a runed door.
  6845 | D:5      | Noticed Esekla's ghost (novice FoEn)
  7083 | D:5      | Found a runed door.
  7266 | D:5      | Noticed Duvessa
  7269 | D:5      | Noticed Dowan
  7284 | D:5      | Killed Duvessa
  7284 | D:5      | Reached skill level 3 in Fighting
  7401 | D:5      | Killed Dowan
  7697 | D:5      | Found a radiant altar of Vehumet.
  7747 | D:5      | Found an ancient bone altar of Kikubaaqudgha.
  8075 | D:6      | Reached XP level 7. HP: 23/54 MP: 9/14
  8675 | D:6      | Reached skill level 4 in Fighting
  9613 | D:6      | Found a snail-covered altar of Cheibriados.
  9686 | D:6      | Reached XP level 8. HP: 29/64 MP: 5/17
 10101 | D:7      | Reached skill level 5 in Fighting
 10770 | D:7      | Found a runed door.
 10770 | D:7      | Noticed Anothat's ghost (novice GrFi)
 11402 | D:8      | Noticed a hippogriff
 11426 | D:8      | Found a runed gate.
 11426 | D:8      | Found a runed gate.
 11426 | D:8      | Found a runed gate.
 11426 | D:8      | Noticed Nib's ghost (novice DsNe)
 11462 | D:8      | Reached skill level 6 in Fighting
 11486 | D:8      | HP: 2/67 [centaur/arrow (10)]
 11961 | D:4      | Killed George's ghost
 12477 | D:8      | Noticed a cyclops
 12506 | D:8      | Killed a cyclops
 12537 | D:8      | Noticed a slime creature
 12547 | D:8      | Killed a slime creature
 12547 | D:8      | Reached skill level 7 in Fighting
 12547 | D:8      | Reached XP level 9. HP: 57/76 MP: 5/18
 13607 | D:8      | Reached skill level 5 in Spellcasting
 14054 | D:8      | Reached skill level 8 in Fighting
 14217 | D:8      | Found a staircase to the Lair.
 14562 | D:9      | Learned a level 4 spell: Summon Lightning Spire
 14583 | D:9      | Reached skill level 1 in Air Magic
 14620 | D:8      | HP: 3/81 [killer bee (4)]
 14621 | D:8      | HP: 1/81 [killer bee (1)]
 15678 | D:9      | Found a sacrificial altar of Ru.
 15943 | D:9      | Reached XP level 10. HP: 57/88 MP: 15/22
 15949 | D:9      | Reached skill level 5 in Dodging
 16170 | D:9      | Found a glowing silver altar of Zin.
 16828 | D:9      | Learned a level 2 spell: Blink
 16829 | D:10     | Entered Level 10 of the Dungeon
 17839 | D:10     | Noticed Sonja
 17862 | D:10     | Killed Sonja
 18561 | D:11     | Noticed a tengu warrior
 18566 | D:11     | Noticed a tengu warrior
 18705 | Lair:1   | Entered Level 1 of the Lair of Beasts
 18731 | Lair:1   | Noticed a black mamba
 18737 | Lair:1   | Killed a black mamba
 19669 | Lair:2   | Reached XP level 11. HP: 93/94 MP: 5/25
 19687 | Lair:2   | Found a staircase to the Snake Pit.
 21094 | Lair:3   | Reached skill level 1 in Armour
 23698 | Lair:4   | Found a staircase to the Swamp.
 24956 | Lair:5   | Found a staircase to the Slime Pits.
 24959 | Lair:5   | Found a viscous altar of Jiyva.
 25116 | Lair:5   | Noticed a six-headed hydra
 25132 | Lair:5   | Killed a six-headed hydra
 25182 | Lair:5   | Reached skill level 10 in Dodging
 25471 | Lair:5   | Noticed a five-headed hydra
 25487 | Lair:5   | Killed a five-headed hydra
 25491 | Lair:5   | Reached skill level 9 in Fighting
 25491 | Lair:5   | Reached XP level 12. HP: 79/104 MP: 18/28
 25669 | Lair:6   | Entered Level 6 of the Lair of Beasts
 25747 | Lair:6   | Found a dark tunnel.
 25770 | Volcano  | Entered a volcano
 26170 | Lair:6   | Reached skill level 1 in Polearms
 26421 | Lair:6   | Noticed an eight-headed hydra
 26434 | Lair:6   | Killed an eight-headed hydra
 26437 | Lair:6   | Reached skill level 10 in Fighting
 26446 | Lair:6   | Noticed an eight-headed hydra
 26456 | Lair:6   | Killed an eight-headed hydra
 27340 | Lair:6   | Noticed a dire elephant
 27373 | Lair:6   | Killed a dire elephant
 28192 | Lair:6   | Reached skill level 5 in Polearms
 29438 | D:3      | Killed jazmu's ghost
 29527 | D:5      | Killed Esekla's ghost
 29648 | D:7      | Killed Anothat's ghost
 29648 | D:7      | Reached skill level 11 in Fighting
 30884 | D:11     | Noticed a five-headed hydra
 30897 | D:11     | Killed a five-headed hydra
 31251 | D:11     | Reached XP level 13. HP: 108/117 MP: 29/29
 31676 | D:11     | Found a staircase to the Orcish Mines.
 31855 | D:12     | Noticed ThereIsNoGod's ghost (journeyman MfCK)
 31856 | D:12     | Noticed a minotaur
 31902 | D:12     | Identified a +2 pair of boots of running (You found it on level 12 of the Dungeon)
 32005 | D:12     | Reached skill level 1 in Shields
 32095 | D:12     | Found a runed gate.
 32095 | D:12     | Found a runed gate.
 32095 | D:12     | Found a runed gate.
 32750 | D:13     | Noticed a tengu reaver
 32787 | D:13     | Killed a tengu reaver
 32787 | D:13     | Reached skill level 12 in Fighting
 33089 | D:13     | Noticed a war gargoyle
 33208 | D:13     | Found Feixkid's General Store.
 33241 | D:13     | Bought a potion of haste for 140 gold pieces
 33241 | D:13     | Bought a scroll of teleportation for 42 gold pieces
 33288 | D:13     | Found an opulent altar of Gozag.
 33526 | D:13     | Noticed a sphinx
 33534 | D:13     | Killed a sphinx
 33702 | D:14     | Learned a level 4 spell: Animate Dead
 33704 | D:14     | Learned a level 1 spell: Animate Skeleton
 33929 | D:14     | Reached skill level 5 in Shields
 33950 | D:14     | Reached skill level 1 in Necromancy
 34122 | D:14     | Found a frozen archway.
 34148 | IceCv    | Entered an ice cave
 35669 | IceCv    | Found the +3 robe of Clouds {+Fly rElec}
 35675 | IceCv    | Found the +0 Maxwell's etheric cage {RegenMP+ *Contam rElec MP+4}
 35715 | IceCv    | Identified 2 scrolls of acquirement
 35717 | IceCv    | Got a fine copper ring
 35719 | IceCv    | Identified the ring "Hamuc" {*Drain rC+ MP+9 Dex+3 Slay+3} (You acquired it in an ice cave)
 36507 | Orc:1    | Entered Level 1 of the Orcish Mines
 36904 | Orc:2    | Entered Level 2 of the Orcish Mines
 36904 | Orc:2    | Found a staircase to the Elven Halls.
 37187 | Orc:2    | Noticed Nessos
 37194 | Orc:2    | Killed Nessos
 37962 | Orc:2    | Gained mutation: You are clumsy. (Dex -2) [mutagenic glow]
 38056 | Orc:2    | Gained mutation: You do not regenerate when monsters are visible. [mutagenic glow]
 38404 | Orc:2    | Lost mutation: You are clumsy. (Dex -2) [potion of mutation]
 38404 | Orc:2    | Gained mutation: You have a pair of small horns on your head. [potion of mutation]
 38404 | Orc:2    | Gained mutation: Your movements are slightly less encumbered by armour. (ER -2) [potion of mutation]
 38404 | Orc:2    | Gained mutation: You are agile. (Dex +2) [potion of mutation]
 38405 | Orc:2    | Lost mutation: You are agile. (Dex +2) [potion of mutation]
 38405 | Orc:2    | Lost mutation: You do not regenerate when monsters are visible. [potion of mutation]
 38405 | Orc:2    | Gained mutation: You are dopey. (Int -2) [potion of mutation]
 38405 | Orc:2    | Gained mutation: You are surrounded by a mild repulsion field. (EV +2) [potion of mutation]
 38426 | Orc:2    | Lost mutation: You have a pair of small horns on your head. [potion of mutation]
 38426 | Orc:2    | Lost mutation: You are dopey. (Int -2) [potion of mutation]
 38426 | Orc:2    | Gained mutation: You can translocate small distances at will. [potion of mutation]
 38426 | Orc:2    | Gained mutation: You are robust. (+10% HP) [potion of mutation]
 38432 | Orc:2    | Lost mutation: You can translocate small distances at will. [mutagenic glow]
 38767 | Orc:2    | Found Zuhar's Antique Armour Shoppe.
 38767 | Orc:2    | Found Villemn's Weapon Shoppe.
 38768 | Orc:2    | Found Xuaw Mui's Magic Scroll Boutique.
 38816 | Orc:2    | Found Dyczomp's Gadget Boutique.
 38828 | Orc:2    | Bought a scroll of identify for 26 gold pieces
 38828 | Orc:2    | Bought a scroll of enchant weapon for 97 gold pieces
 38828 | Orc:2    | Bought a scroll of identify for 26 gold pieces
 38830 | Orc:2    | Bought a scroll of identify for 26 gold pieces
 38830 | Orc:2    | Bought a scroll of identify for 26 gold pieces
 38958 | Orc:2    | Found a roughly hewn altar of Beogh.
 39198 | Orc:1    | Noticed an orc warlord
 39207 | Orc:1    | Reached XP level 14. HP: 126/137 MP: 31/31
 39211 | Orc:1    | Killed an orc warlord
 39255 | Orc:1    | Found Ynesiq's Food Shop.
 39613 | Orc:2    | Bought a +5 broad axe of venom for 445 gold pieces
 39996 | D:14     | Reached skill level 1 in Axes
 40396 | D:14     | Found a gate to the Vaults.
 40514 | D:15     | Entered Level 15 of the Dungeon
 41003 | D:15     | Found a staircase to the Depths.
 41004 | D:15     | Noticed a fire giant
 41922 | D:13     | Learned a level 3 spell: Regeneration
 41926 | D:13     | Learned a level 3 spell: Ozocubu's Armour
 41929 | D:13     | Learned a level 2 spell: Song of Slaying
 42331 | Swamp:1  | Entered Level 1 of the Swamp
 42507 | Swamp:1  | Reached skill level 5 in Axes
 45535 | Swamp:3  | Noticed Louise
 45834 | Swamp:3  | Killed Louise
 46491 | Swamp:3  | Reached skill level 1 in Maces & Flails
 47459 | Swamp:4  | Entered Level 4 of the Swamp
 47564 | Swamp:4  | Reached XP level 15. HP: 127/145 MP: 33/33
 47656 | Swamp:4  | Noticed Nikola
 47667 | Swamp:4  | Killed Nikola
 47923 | Swamp:4  | Reached skill level 10 in Spellcasting
 48164 | Swamp:4  | Noticed a thorn hunter
 48182 | Swamp:4  | Gained mutation: You are occasionally teleported next to monsters. [mutagenic glow]
 48186 | Swamp:4  | Killed a thorn hunter
 48186 | Swamp:4  | Reached skill level 10 in Summonings
 48213 | Swamp:4  | Gained mutation: Your spells are a little harder to cast, but a little more powerful. [mutagenic glow]
 48239 | Swamp:4  | Lost mutation: You are surrounded by a mild repulsion field. (EV +2) [potion of mutation]
 48239 | Swamp:4  | Lost mutation: You are robust. (+10% HP) [potion of mutation]
 48239 | Swamp:4  | Gained mutation: You are covered in fur. (AC +1) [potion of mutation]
 48239 | Swamp:4  | Gained mutation: Your muscles are strong. (Str +2) [potion of mutation]
 48239 | Swamp:4  | Gained mutation: You are resistant to hostile enchantments. (MR+) [potion of mutation]
 48240 | Swamp:4  | Lost mutation: You are resistant to hostile enchantments. (MR+) [potion of mutation]
 48240 | Swamp:4  | Lost mutation: You are covered in fur. (AC +1) [potion of mutation]
 48240 | Swamp:4  | Lost mutation: Your spells are a little harder to cast, but a little more powerful. [potion of mutation]
 48240 | Swamp:4  | Lost mutation: Your muscles are strong. (Str +2) [potion of mutation]
 48240 | Swamp:4  | Gained mutation: Your spells are a little harder to cast, but a little more powerful. [potion of mutation]
 48240 | Swamp:4  | Gained mutation: You have sharp toenails. [potion of mutation]
 48241 | Swamp:4  | Lost mutation: Your spells are a little harder to cast, but a little more powerful. [potion of mutation]
 48241 | Swamp:4  | Lost mutation: Your movements are slightly less encumbered by armour. (ER -2) [potion of mutation]
 48241 | Swamp:4  | Lost mutation: You are occasionally teleported next to monsters. [potion of mutation]
 48241 | Swamp:4  | Lost mutation: You have sharp toenails. [potion of mutation]
 48241 | Swamp:4  | Gained mutation: You are occasionally teleported next to monsters. [potion of mutation]
 48241 | Swamp:4  | Gained mutation: You are partially covered in icy blue scales. (AC +2) [potion of mutation]
 48241 | Swamp:4  | Gained mutation: Your spells are a little harder to cast, but a little more powerful. [potion of mutation]
 48242 | Swamp:4  | Lost mutation: You are partially covered in icy blue scales. (AC +2) [potion of mutation]
 48242 | Swamp:4  | Lost mutation: You are occasionally teleported next to monsters. [potion of mutation]
 48242 | Swamp:4  | Lost mutation: Your spells are a little harder to cast, but a little more powerful. [potion of mutation]
 48242 | Swamp:4  | Gained mutation: You are agile. (Dex +2) [potion of mutation]
 48242 | Swamp:4  | Gained mutation: You expend magic power (3 MP) to strengthen your wands. [potion of mutation]
 48242 | Swamp:4  | Gained mutation: Your muscles are strong. (Str +2) [potion of mutation]
 48259 | Swamp:4  | Reached skill level 10 in Shields
 48367 | Swamp:4  | Gained mutation: Your spells are a little easier to cast, but a little less powerful. [mutagenic glow]
 48734 | Swamp:4  | Got a decaying rune of Zot
 48768 | Swamp:4  | Reached skill level 5 in Maces & Flails
 49417 | Snake:1  | Entered Level 1 of the Snake Pit
 51342 | Snake:2  | Found Niykeq's Antique Armour Emporium.
 51342 | Snake:2  | Noticed a nagaraja
 51395 | Snake:1  | Killed a nagaraja
 52942 | Snake:2  | Learned a level 6 spell: Shadow Creatures
 53033 | Snake:2  | Noticed Vashnia
 53048 | Snake:2  | Killed Vashnia
 53438 | Snake:2  | Bought an ichor-stained leather armour for 189 gold pieces
 53438 | Snake:2  | Bought a pair of brightly glowing gloves for 256 gold pieces
 53448 | Snake:2  | Identified the +1 leather armour "Reisys" {-Cast Dex+5} (You bought it in a shop on level 2 of the Snake Pit)
 53465 | Snake:2  | Identified the +0 pair of gloves "Dius Xukk" {*Drain Str+6} (You bought it in a shop on level 2 of the Snake Pit)
 53730 | Snake:1  | Identified the cursed +0 ring mail of Luyxyste {rC+} (You found it on level 1 of the Snake Pit)
 53753 | Snake:3  | Noticed a nagaraja
 53758 | Snake:2  | Killed a nagaraja
 53863 | Snake:3  | Reached XP level 16. HP: 128/139 MP: 35/35
 54485 | Snake:3  | Got a dazzling trident {flame}
 54488 | Snake:3  | Identified the +5 trident of Salt {flame, +Inv rF- rN++ SInv} (You took it off a naga on level 3 of the Snake Pit)
 54823 | Snake:4  | Entered Level 4 of the Snake Pit
 55135 | Snake:4  | Noticed Saint Roka
 56725 | Snake:4  | Killed Saint Roka
 57686 | Snake:4  | Reached skill level 10 in Maces & Flails
 58157 | Snake:4  | Got a serpentine rune of Zot
 59022 | Vaults:1 | Entered Level 1 of the Vaults
 60864 | Vaults:1 | Found Zoqaf's Assorted Antiques.
 60867 | Vaults:1 | Bought a scroll of teleportation for 120 gold pieces
 60867 | Vaults:1 | Bought a translucent lead ring for 200 gold pieces
 60867 | Vaults:1 | Identified the ring "Totanimp" {Int+2 Dex+2 Stlth+} (You bought it in a shop on level 1 of the Vaults)
 61640 | Vaults:1 | Reached XP level 17. HP: 138/146 MP: 36/36
 63958 | Vaults:2 | Noticed Boris
 64552 | Vaults:2 | Killed Boris
 65683 | Vaults:2 | Reached skill level 5 in Armour
 66383 | Vaults:2 | Found Quokogie's Antique Weapon Shop.
 66447 | Vaults:2 | Reached skill level 1 in Charms
 67047 | Vaults:2 | Reached XP level 18. HP: 123/154 MP: 37/37
 68471 | Vaults:3 | Found Xifaph's Antique Armour Shoppe.
 68479 | Vaults:3 | Bought a spiked ring mail for 279 gold pieces
 68479 | Vaults:3 | Bought a faintly humming ring mail for 279 gold pieces
 68479 | Vaults:3 | Identified the +5 ring mail "Zuxkuop" {rN+ Dex+3} (You bought it in a shop on level 3 of the Vaults)
 68480 | Vaults:3 | Identified the +4 ring mail of the Garden {rPois Regen+ SInv} (You bought it in a shop on level 3 of the Vaults)
 68554 | Vaults:3 | Found a staircase to the Crypt.
 68554 | Vaults:3 | Found a basalt altar of Yredelemnul.
 68555 | Vaults:3 | Found an ancient bone altar of Kikubaaqudgha.
 68671 | Vaults:3 | Reached skill level 15 in Shields
 68686 | Vaults:3 | Found Cumiod's Magic Scroll Boutique.
 68696 | Vaults:3 | Bought a scroll of fog for 22 gold pieces
 68696 | Vaults:3 | Bought a scroll of teleportation for 33 gold pieces
 68696 | Vaults:3 | Bought a scroll of enchant armour for 82 gold pieces
 68696 | Vaults:3 | Bought a scroll of blinking for 82 gold pieces
 68696 | Vaults:3 | Bought a scroll of magic mapping for 38 gold pieces
 68772 | Vaults:3 | Found Jit Emaysikh's Distillery.
 68779 | Vaults:3 | Bought a potion of haste for 100 gold pieces
 68779 | Vaults:3 | Bought a potion of curing for 30 gold pieces
 68779 | Vaults:3 | Bought a potion of mutation for 80 gold pieces
 68779 | Vaults:3 | Bought a potion of resistance for 100 gold pieces
 68779 | Vaults:3 | Bought a potion of magic for 80 gold pieces
 68779 | Vaults:3 | Bought a potion of invisibility for 80 gold pieces
 68779 | Vaults:3 | Bought a potion of heal wounds for 50 gold pieces
 68779 | Vaults:3 | Bought a potion of curing for 30 gold pieces
 68847 | Vaults:3 | Noticed Mennas
 69242 | Vaults:3 | Learned a level 5 spell: Summon Mana Viper
 69416 | Vaults:4 | Found a magical portal.
 69449 | WizLab   | Entered The Hall of the Hellbinder
 69767 | Vaults:4 | Gained mutation: Your body sometimes deteriorates upon taking damage. [mutagenic glow]
 69896 | Vaults:4 | Lost mutation: Your body sometimes deteriorates upon taking damage. [potion of mutation]
 69896 | Vaults:4 | Lost mutation: You expend magic power (3 MP) to strengthen your wands. [potion of mutation]
 69896 | Vaults:4 | Lost mutation: Your muscles are strong. (Str +2) [potion of mutation]
 69896 | Vaults:4 | Lost mutation: You are agile. (Dex +2) [potion of mutation]
 69896 | Vaults:4 | Gained mutation: Your mind is acute. (Int +2) [potion of mutation]
 69896 | Vaults:4 | Gained mutation: Your mind is very acute. (Int +4) [potion of mutation]
 71624 | Elf:1    | Entered Level 1 of the Elven Halls
 71637 | Elf:1    | Reached skill level 10 in Armour
 72049 | Elf:1    | Found a ruined gateway.
 72085 | Elf:1    | Identified the cursed +0 chain mail "Coatuh" {Str+3 Int+4} (You found it on level 1 of the Elven Halls)
 72093 | Desolati | Entered the Desolation of Salt
 72222 | Desolati | Reached XP level 19. HP: 160/160 MP: 38/38
 72244 | Desolati | Found the +5 robe of Night {Dark MR+ SInv}
 73650 | Orc:2    | Bought a scroll of amnesia for 45 gold pieces
 73816 | D:11     | Learned a level 5 spell: Borgnjor's Vile Clutch
 73822 | D:11     | Learned a level 5 spell: Aura of Abjuration
 74023 | Elf:2    | Found a huge runed gate.
 74023 | Elf:2    | Found a huge runed gate.
 74023 | Elf:2    | Found a huge runed gate.
 74026 | Elf:2    | Found a huge runed gate.
 74033 | Elf:2    | Found a huge runed gate.
 74870 | Elf:3    | Entered Level 3 of the Elven Halls
 75023 | Elf:3    | Identified the cursed +0 morningstar "Wazitant" {distort, +Rage} (You found it on level 3 of the Elven Halls)
 76483 | Elf:3    | Got a faintly glowing copper ring
 77194 | Elf:3    | Identified a ring of Xegirur {Fire Int+3} (You took it off a deep elf demonologist on level 3 of the Elven Halls)
 77215 | Elf:3    | Identified the ring "Conuiqor" {rF+ rN+ MR- Str+5} (You took it off a deep elf high priest on level 3 of the Elven Halls)
 77600 | Elf:3    | Reached XP level 20. HP: 142/168 MP: 40/40
 77733 | Elf:3    | Got a flickering lead ring
 77734 | Elf:3    | Identified the ring "Yralirhe" {*Slow rF+++ rN+ MR+ SInv} (You took it off a deep elf mage on level 3 of the Elven Halls)
 77781 | Elf:3    | Found the +3 sling "Punk" {acid, rCorr}
 77789 | Elf:3    | Identified the Disquisition on Fiery Flight
 78539 | D:12     | Killed ThereIsNoGod's ghost
 79213 | D:15     | Found a blossoming altar of Fedhas.
 79579 | Depths:1 | Entered Level 1 of the Depths
 80192 | Depths:1 | Found a runed door.
 80194 | Depths:1 | Noticed Icawoy's ghost (adept OgFE)
 80198 | Depths:1 | Found a one-way gate leading to the halls of Pandemonium.
 80332 | Depths:1 | Reached skill level 15 in Maces & Flails
 80535 | Depths:1 | Found a corrupted altar of Lugonu.
 80536 | Depths:1 | Found a one-way gate to the infinite horrors of the Abyss.
 80742 | Depths:1 | Identified the Almanac of Unstable Good Luck
 80782 | Depths:1 | Found a gateway to Hell.
 81690 | Depths:2 | Reached skill level 13 in Fighting
 82724 | Depths:2 | Found a gateway to a ziggurat.
 83382 | Depths:3 | Identified the +2 ring mail "Putyil" {-Cast rF+ Str+2 Int+4} (You found it on level 3 of the Depths)
 84092 | Depths:1 | Killed Icawoy's ghost
 84100 | Depths:1 | Identified the +3 scale mail "Neud" {+Blink rF- Int+5} (You found it on level 1 of the Depths)
 84404 | Depths:3 | Reached XP level 21. HP: 180/180 MP: 41/41
 84566 | Depths:3 | Reached skill level 14 in Fighting
 84815 | Depths:3 | Noticed a golden dragon
 84837 | Depths:3 | Killed a golden dragon
 85052 | Depths:3 | Identified the +2 robe "Feejil" {+Blink rN+ Int+3 Dex-3} (You found it on level 3 of the Depths)
 87353 | Depths:4 | Noticed a golden dragon
 87388 | Depths:4 | Killed a golden dragon
 87388 | Depths:4 | Reached skill level 15 in Fighting
 88513 | Depths:4 | Noticed a golden dragon
 88522 | Depths:4 | Killed a golden dragon
 88680 | Depths:5 | Entered Level 5 of the Depths
 88680 | Depths:5 | Found Qopou's Weapon Shoppe.
 88972 | Depths:5 | Reached skill level 16 in Fighting
 89067 | Depths:5 | Found Bowayn's Armour Shoppe.
 89167 | Depths:5 | Found Ibraheg's Antique Armour Shoppe.
 89817 | Depths:5 | Found Osutotipt's Book Shoppe.
 89908 | Depths:5 | Found Weschin's Book Emporium.
 90438 | Depths:5 | Found a gate to the Realm of Zot.
 90459 | Depths:5 | Noticed a golden dragon
 90468 | Depths:5 | Killed a golden dragon
 90468 | Depths:5 | Reached skill level 1 in Evocations
 91211 | Depths:5 | Got a distressingly furry leather armour
 91460 | Depths:5 | Bought a glowing cloak for 240 gold pieces
 91824 | Orc:2    | Bought translucent ice dragon scales for 1365 gold pieces
 91824 | Orc:2    | Bought a runed cloak for 157 gold pieces
 91834 | Orc:2    | Identified the +3 ice dragon scales of the Game of Life {*Drain rF- rC++ rCorr Str+2 Dex+2} (You bought it in a shop on level 2 of the Orcish Mines)
 92340 | Vaults:4 | Learned a level 2 spell: Passwall
 92344 | Vaults:4 | Learned a level 3 spell: Lesser Beckoning
 92346 | Vaults:5 | Entered Level 5 of the Vaults
 92358 | Vaults:5 | Reached skill level 1 in Translocations
 93076 | Vaults:4 | Reached XP level 22. HP: 185/196 MP: 42/42
 93540 | Vaults:5 | Reached skill level 5 in Necromancy
 93594 | Vaults:5 | Reached skill level 1 in Earth Magic
 94432 | Vaults:5 | Got a steaming amber ring
 94485 | Vaults:5 | Identified the ring "Wefrept" {*Tele rF+ Stlth+} (You took it off a yaktaur on level 5 of the Vaults)
 94486 | Vaults:5 | Identified the ring "Bowaysk" {Wiz +Blink rN++ Str-5 Int+2} (You took it off a tengu reaver on level 5 of the Vaults)
 94503 | Vaults:5 | Reached skill level 17 in Fighting
 94520 | Vaults:5 | Identified Easy Hermeneutics
 94535 | Vaults:5 | Identified the Collected Works on Ashen Shape Shifting
 94537 | Vaults:5 | Identified Sif Muna's Tome of the Creative Glacier
 94563 | Vaults:5 | Got a bound turquoise ring
 94677 | Vaults:5 | Found Sudghos's Book Shoppe.
 94690 | Vaults:5 | Identified the Collected Works on Supportive Execration
 94692 | Vaults:5 | Identified the Collected Works on the Snowflakes and the Oath
 94781 | Vaults:5 | Paralysed by a floating eye for 3 turns
 95107 | Vaults:5 | Identified the ring of Vampiric Thralls {rCorr rPois Dex+3 Stlth+} (You took it off a yaktaur on level 5 of the Vaults)
 95197 | Vaults:5 | Got a faintly glowing steel amulet
 95599 | Vaults:5 | Got a silver rune of Zot
 95873 | Vaults:3 | Killed Mennas
 95873 | Vaults:3 | Reached skill level 5 in Evocations
 96033 | Vaults:3 | Identified the amulet of Ewaic {Spirit rF+ MR+ Int+2} (You took it off a deep elf annihilator on level 5 of the Vaults)
 96034 | Vaults:3 | Got an ancient platinum ring
 96733 | Zot:1    | Entered Level 1 of the Realm of Zot
 96760 | Zot:1    | Identified the ring "Cuaps" {rF+ rN+ Int+4 Slay+2} (You took it off an ironheart preserver on level 3 of the Vaults)
 96955 | Zot:5    | Entered Level 5 of the Realm of Zot
 97222 | Zot:5    | Reached skill level 15 in Armour
 97222 | Zot:5    | Reached XP level 23. HP: 173/204 MP: 43/43
 97604 | Zot:5    | Noticed an ancient lich
 97634 | Zot:5    | Killed an ancient lich
 98006 | Zot:5    | Noticed an orb of fire
 98006 | Zot:5    | Noticed an orb of fire
 98007 | Zot:5    | Gained mutation: You do not regenerate when monsters are visible. [an orb of fire]
 98019 | Zot:5    | Gained mutation: Scrolls take you a little longer to read. [an orb of fire]
 98022 | Zot:5    | Gained mutation: You are frail. (-10% HP) [an orb of fire]
 98030 | Zot:5    | Killed an orb of fire
 98042 | Zot:5    | Noticed an ancient lich
 98045 | Zot:5    | Killed from afar by an ancient lich

Skill      XL: |  1  2  3  4  5  6  7  8  9 10 11 12 13 14 15 16 17 18 19 20 21 22 23 |
---------------+----------------------------------------------------------------------+-----
Spellcasting   | 2 3 4 6 7 8 9 10 11 | 11.0
Summonings     | 4 5 6 8 9 10 11 12 13 | 13.0
Fighting       | 1 2 3 4 7 8 9 11 12 13 16 17 | 17.9
Ice Magic      | 1 2 3 |  3.0
Dodging        | 4 7 10 11 12 14 | 14.0
Air Magic      | 2 3 4 |  4.0
Armour         | 4 6 10 12 14 15 | 15.1
Polearms       | 5 7 8 |  8.7
Shields        | 7 9 11 13 14 15 16 | 16.0
Necromancy     | 3 4 5 |  5.0
Axes           | 6 |  6.5
Maces & Flails | 2 9 10 12 13 14 15 | 15.5
Charms         | 1 2 |  2.0
Evocations     | 2 5 6 |  6.0
Translocations | 1 2 |  2.0
Earth Magic    | 1 |  1.0
Stealth        | 3 |  3.9

Action                   |  1- 3 |  4- 6 |  7- 9 | 10-12 | 13-15 | 16-18 | 19-21 | 22-24 || total
-------------------------+-------+-------+-------+-------+-------+-------+-------+-------++-------
Melee: Dagger            |   181 |       |       |       |       |       |       |       ||   181
       Unarmed           |     4 |       |       |       |       |       |       |       ||     4
       Quarterstaff      |    21 |   131 |    21 |       |       |       |       |       ||   173
       Short sword       |       |       |   227 |   721 |   503 |       |       |       ||  1451
       Flail             |       |       |       |    55 |   106 |       |       |       ||   161
       Broad axe         |       |       |       |       |   461 |       |       |       ||   461
       Eveningstar       |       |       |       |       |   243 |  1422 |  1931 |   774 ||  4370
Throw: Stone             |       |       |     1 |       |       |       |       |       ||     1
 Cast: Summon Small Mamm |     9 |       |       |       |       |       |       |       ||     9
       Call Canine Famil |     5 |    16 |     2 |     2 |       |       |       |       ||    25
       Summon Ice Beast  |       |     8 |    91 |   228 |   320 |    14 |       |       ||   661
       Summon Lightning  |       |       |       |    30 |    75 |    76 |    40 |     3 ||   224
       Animate Dead      |       |       |       |       |    31 |    65 |    21 |    19 ||   136
       Animate Skeleton  |       |       |       |       |    31 |    11 |     3 |     6 ||    51
       Regeneration      |       |       |       |       |    19 |    83 |    47 |    46 ||   195
       Shadow Creatures  |       |       |       |       |     5 |    98 |   109 |    14 ||   226
       Ozocubu's Armour  |       |       |       |       |     1 |       |       |       ||     1
       Aura of Abjuratio |       |       |       |       |       |       |     5 |     3 ||     8
       Passwall          |       |       |       |       |       |       |       |     2 ||     2
       Blink             |       |       |       |       |       |       |       |     1 ||     1
Evoke: Wand              |       |     4 |     1 |     9 |    14 |     6 |     6 |     1 ||    41
       Lightning rod     |       |       |       |       |     4 |       |       |       ||     4
       Box of beasts     |       |       |       |       |     1 |       |       |       ||     1
  Use: Scroll            |       |     7 |     9 |    12 |    40 |    15 |    28 |    15 ||   126
       Potion            |       |       |     5 |       |    19 |     9 |    14 |     5 ||    52
 Stab: Sleeping          |     7 |     1 |     1 |     1 |     5 |     2 |     1 |       ||    18
       Distracted        |       |     1 |     3 |    14 |    28 |    32 |    26 |     9 ||   113
       Confused          |       |       |       |       |     1 |       |       |       ||     1
       Petrified         |       |       |       |       |       |       |     7 |       ||     7
       Petrifying        |       |       |       |       |       |       |     1 |       ||     1
  Eat: Chunk             |     9 |    12 |    21 |    69 |    55 |    54 |    29 |    10 ||   259
       Ration            |       |     2 |     5 |     1 |     8 |    11 |    19 |     3 ||    49
Armor: Robe              |    27 |    22 |    56 |    15 |    13 |       |    13 |       ||   146
       Skin              |       |       |    55 |       |       |       |       |       ||    55
       Leather armour    |       |       |       |   185 |   339 |   188 |    43 |       ||   755
       Swamp dragon scal |       |       |       |       |   137 |       |       |       ||   137
       Ring mail         |       |       |       |       |       |   101 |   231 |       ||   332
       Ice dragon scales |       |       |       |       |       |       |   132 |   221 ||   353
Dodge: Dodged            |   116 |   107 |   250 |   951 |  1470 |   777 |   987 |   295 ||  4953
Block: Buckler           |       |       |       |       |   465 |   102 |       |       ||   567
       Shield            |       |       |       |       |       |   702 |   909 |   498 ||  2109
       Reflection        |       |       |       |       |       |       |       |    12 ||    12
